 Dungeon Crawl Stone Soup version 0.28.0-53-g5a82cb258f (webtiles) character file.

Game seed: 3656386954118152558

15562 DildoBatman the Protected (level 12, -4/95 HPs)
             Began as a Formicid Conjurer on July 8, 2022.
             Was an Elder of Kikubaaqudgha.
             Slain by a deep troll (9 damage)
             ... on level 15 of the Dungeon.
             The game lasted 00:53:10 (12571 turns).

DildoBatman the Protected (Formicid Conjurer)      Turns: 12571, Time: 00:53:11

Health: -4/95      AC:  9    Str: 12    XL:     12   Next: 59%
Magic:  10/22      EV: 14    Int: 19    God:    Kikubaaqudgha [****..]
Gold:   1286       SH:  0    Dex: 13    Spells: 12/25 levels left

rFire   + + .      SeeInvis +   a - +5 spear (freeze)
rCold   x . .      Faith    .   (no shield)
rNeg    . . .      Spirit   .   m - +0 robe
rPois   .          Reflect  .   (helmet unavailable)
rElec   .          Harm     .   (no cloak)
rCorr   .          Rampage  .   I - +2 pair of gloves
Will    +....                   P - +2 pair of boots
Stlth   ++........              (no amulet)
HPRegen 0.25/turn               r - ring of fire
MPRegen 0.18/turn               N - ring of protection from fire

@: invisible
A: permanent stasis, dig shafts and tunnels, antennae 3, four strong arms
a: Dig, Shaft Self, Renounce Religion, Receive Corpses


You were on level 15 of the Dungeon.
You worshipped Kikubaaqudgha.
Kikubaaqudgha was greatly pleased with you.
You visited 3 branches of the dungeon, and saw 16 of its levels.
You also visited: Ossuary and Bailey.

You collected 1500 gold pieces.
You spent 214 gold pieces at shops.

Inventory:

Hand Weapons
 a - a +5 spear of freezing (weapon)
 b - a +0 hunting sling
 d - a +5 long sword
 n - the +4 dagger of Governance {freeze, Fragile rN+ Int+2 Stlth+}
   (You found it on level 9 of the Dungeon)

   It freezes those it strikes, dealing additional cold damage.
   It can also slow down cold-blooded creatures.
   Int:       It affects your intelligence (+2).
   rN:        It protects you from negative energy.
   Fragile:   It will be destroyed if unequipped.
   Stlth:     It makes you more stealthy.
Missiles
 g - 218 stones
 i - 23 boomerangs
 j - 86 sling bullets
 k - 193 arrows
 q - 20 poisoned darts
 s - 3 throwing nets
 z - 42 bolts
 O - 3 silver boomerangs
Armour
 m - a +0 robe (worn)
 p - a +1 chain mail of willpower
 w - a +1 chain mail of cold resistance
 I - a +2 pair of gloves (worn)
 J - an orb of energy
 P - a +2 pair of boots (worn)
Magical Staves
 W - a staff of poison
Jewellery
 r - a ring of fire (left hand)
 N - a ring of protection from fire (right hand)
Wands
 A - a wand of flame (10)
 M - a wand of charming (15)
Scrolls
 c - a scroll of torment {unknown}
 e - 4 scrolls of immolation
 h - 5 scrolls of blinking {unknown}
 l - a scroll of holy word {unknown}
 t - 4 scrolls of enchant weapon {unknown}
 u - 3 scrolls of brand weapon {unknown}
 y - 2 scrolls of silence {unknown}
 D - 2 scrolls of amnesia {unknown}
 F - a scroll of magic mapping {unknown}
 G - 2 scrolls of fear {unknown}
 H - 3 scrolls of vulnerability {unknown}
 K - 4 scrolls of fog
 R - a scroll of acquirement {unknown}
Potions
 f - 4 potions of attraction
 o - a potion of mutation {unknown}
 v - a potion of invisibility
 x - 6 potions of flight
 B - 5 potions of curing
 C - 2 potions of cancellation
 E - 4 potions of heal wounds
 L - a potion of brilliance {unknown}
 Q - a potion of might
 S - a potion of berserk rage {unknown}
 T - 2 potions of magic {unknown}
 U - a potion of ambrosia {unknown}


   Skills:
 * Level 9.3 Fighting
 - Level 2.0 Polearms
 * Level 9.4 Armour
 * Level 6.8 Dodging
 - Level 2.4 Stealth
 - Level 7.0 Spellcasting
 - Level 6.0 Conjurations
 - Level 9.0 Necromancy
 - Level 6.0 Fire Magic


You had 12 spell levels left.
You knew the following spells:

 Your Spells              Type           Power      Damage    Failure   Level
a - Searing Ray           Conj           58%        2d6       1%          2
b - Conjure Flame         Conj/Fire      44%        6-21      2%          3
c - Magic Dart            Conj           100%       1d8       1%          1
d - Vampiric Draining     Necr           40%        2d8       1%          3
h - Dispel Undead         Necr           40%        3d16      2%          4

Your spell library contained the following spells:

 Spells                   Type           Power      Damage    Failure   Level
 Animate Skeleton         Necr           80%        N/A       1%          1
 Foxfire                  Conj/Fire      100%       2x1d9     1%          1
 Corpse Rot               Necr/Air       46%        N/A       2%          2
 Animate Dead             Necr           20%        N/A       2%          4
 Agony                    Necr           40%        N/A       7%          5
 Excruciating Wounds      Necr           20%        N/A       7%          5
 Dazzling Flash           Conj/Hex       36%        N/A       9%          3
 Inner Flame              Hex/Fire       27%        N/A       9%          3
 Flame Wave               Conj/Fire      44%        2d10      9%          4
 Apportation              Tloc           12%        N/A       10%         1
 Beastly Appendage        Tmut           12%        N/A       10%         1
 Summon Small Mammal      Summ           24%        N/A       10%         1
 Wereblood                Tmut           6%         N/A       16%         2
 Fulminant Prism          Conj/Hex       9%         3d7       28%         4
 Iskenderun's Mystic Bla  Conj/Tloc      18%        2d6       28%         4
 Spider Form              Tmut/Pois      6%         N/A       30%         3
 Death Channel            Necr           20%        N/A       36%         6
 Leda's Liquefaction      Hex/Erth       3%         N/A       69%         4
 Simulacrum               Ice/Necr       11%        N/A       94%         6
 Lee's Rapid Deconstruct  Erth           3%         3d6*      95%         5
 Dispersal                Tloc           3%         N/A       100%        6
 Statue Form              Tmut/Erth      4%         N/A       100%        6
 Disjunction              Tloc           3%         N/A       100%        8


Dungeon Overview and Level Annotations

Branches:
Dungeon (12/15)            Temple (1/1) D:5            Lair (0/6) D:9
    Orc (2/2) D:9         Ossuary (visited)          Bailey (visited)
    Elf: Orc:2

Altars:
Ashenzari
Cheibriados
Dithmenos
Elyvilon
Fedhas
Gozag
Hepliaklqana
Kikubaaqudgha
Makhleb
Nemelex Xobeh
Okawaru
Qazlal
Ru
Sif Muna
Trog
Uskayaw
Vehumet
Wu Jian
Xom
Yredelemnul
Zin
The Shining One

Shops:
D:2 (   D:6 [   D:7 :(**(

Annotations:
D:6 exclusion: downstairs
Orc:2 Erolcha


Innate Abilities, Weirdness & Mutations

You cannot be hasted, slowed, berserked, paralysed or teleported.
You can dig through walls and to a lower floor.
You have a pair of large antennae on your head. (SInv)
Your four strong arms can wield two-handed weapons with a shield.


Message History

Aim: a deep troll You draw life force from the deep troll!
You feel life coursing into your body. The deep troll barely misses you.
The deep troll closely misses you. The deep troll claws you!
Casting: Vampiric Draining (safe; 1% risk of failure)
Confirm with . or Enter, or press ? or * to list all spells.
Aiming: Vampiric Draining (safe; 1% risk of failure)
Press: ? - help, Shift-Dir - straight line, f/p - deep troll
Aim: a deep troll (moderately wounded)
You draw life force from the deep troll!
You feel life coursing into your body! The deep troll barely misses you. x2
The deep troll closely misses you.
Casting: Vampiric Draining (safe; 1% risk of failure)
Confirm with . or Enter, or press ? or * to list all spells.
Aiming: Vampiric Draining (safe; 1% risk of failure)
Press: ? - help, Shift-Dir - straight line, f/p - deep troll
Aim: a deep troll (heavily wounded)
You draw life force from the deep troll!
You feel life coursing into your body. The deep troll bites you.
The deep troll claws you! The deep troll completely misses you.
The necromancer casts a spell at you.
The tengu warrior convulses!
Casting: Vampiric Draining (safe; 1% risk of failure)
Confirm with . or Enter, or press ? or * to list all spells.
Aiming: Vampiric Draining (safe; 1% risk of failure)
Press: ? - help, Shift-Dir - straight line, f/p - deep troll
Aim: a deep troll (heavily wounded)
You draw life force from the deep troll.
You feel life coursing into your body.
The tengu warrior shouts!
The deep troll bites you! The deep troll completely misses you.
The deep troll claws you!
You die...
Kikubaaqudgha rasps: "You have failed me!
Welcome... death!"

+.##.## #.##..##
########......# #####
...............#......
...#................
......p.#.....#..
#..QC{..###.####
+.#T###.C..#..⌠# #@#
#.##.T...# #...#
#..#.#...# #...#
####.p#.#T#{ { #...#
#.....#.. #...#
#####.#... #...# .#
..# { #...# .# ##T
#...#


You could see an ettin, a tengu warrior, a deep troll and a necromancer.

Vanquished Creatures
  3 two-headed ogres
  4 orc knights
  2 cyclopes (D:11)
  An orc sorcerer (Orc:1)
  An ugly thing (D:12)
  A gargoyle (D:10)
  A komodo dragon (D:9)
  3 trolls
  A hornet (D:9)
  2 wraiths (Ossuary)
  2 wyverns (D:9)
  A vampire (D:11)
  24 yaks
  A warg (Orc:1)
  2 water moccasins
  8 orc warriors
  2 black bears (D:6)
  A sky beast (D:5)
  A necrophage (D:7)
  6 ogres
  3 centaurs
  A phantom (D:5)
  A kobold brigand (D:6)
  Blork the orc (D:6)
  A bullfrog (D:8)
  2 scorpions
  2 wyvern skeletons
  11 killer bees
  8 wights
  6 howler monkeys
  5 jellies
  3 hounds
  A bullfrog skeleton (D:5)
  A gnoll shaman (D:6)
  9 orc priests
  A centaur skeleton (D:7)
  A scorpion zombie (D:5)
  4 iguanas
  9 orc wizards
  2 howler monkey zombies
  A howler monkey skeleton (D:6)
  4 adders
  4 gnolls
  3 white imps
  An ufetubus (D:7)
  An adder zombie (Ossuary)
  3 adder skeletons (D:4)
  A worm (D:2)
  A dart slug (D:1)
  40 orcs
  8 ball pythons
  8 endoplasms
  2 giant cockroaches
  10 goblins
  6 hobgoblins
  A quokka (D:1)
  6 bats
  4 frilled lizards
  A goblin zombie (D:7)
  2 hobgoblin skeletons (Ossuary)
  4 hobgoblin zombies (Ossuary)
  20 kobolds
  A kobold zombie (Ossuary)
  2 quokka zombies
  6 rats
279 creatures vanquished.

Vanquished Creatures (others)
  An orc warrior (Orc:1)
  2 fungi (D:9)
  33 plants (D:9)
36 creatures vanquished.

Grand Total: 315 creatures vanquished

Notes
Turn   | Place    | Note
-------+----------+-------------------------------------------
     0 | D:1      | DildoBatman the Formicid Conjurer began the quest for the
                  | Orb.
     0 | D:1      | Reached XP level 1. HP: 13/13 MP: 3/3
   192 | D:1      | Reached XP level 2. HP: 16/20 MP: 1/5
   212 | D:1      | Learned a level 2 spell: Searing Ray
   453 | D:1      | Reached skill level 1 in Fighting
   466 | D:1      | Reached skill level 1 in Armour
   466 | D:1      | Reached XP level 3. HP: 24/26 MP: 6/6
   731 | D:2      | Found Mimefott's Antique Weapon Shop.
   983 | D:2      | Reached XP level 4. HP: 32/32 MP: 2/8
  1266 | D:3      | Found a faded altar of an unknown god.
  1573 | D:3      | Found a basalt altar of Yredelemnul.
  1668 | D:3      | Noticed an ogre
  1687 | D:3      | Killed an ogre
  1688 | D:3      | Reached XP level 5. HP: 39/39 MP: 3/9
  1847 | D:4      | Noticed an ogre
  1856 | D:4      | Killed an ogre
  1857 | D:4      | Reached XP level 6. HP: 46/46 MP: 1/11
  2148 | D:4      | Reached XP level 7. HP: 35/52 MP: 1/13
  2238 | D:4      | Learned a level 3 spell: Conjure Flame
  2529 | D:5      | Entered Level 5 of the Dungeon
  2634 | D:5      | Reached skill level 5 in Conjurations
  2677 | D:5      | Reached skill level 1 in Fire Magic
  3251 | D:5      | Reached skill level 5 in Spellcasting
  3251 | D:5      | Reached XP level 8. HP: 58/58 MP: 5/15
  3477 | D:5      | Found a staircase to the Ecumenical Temple.
  3481 | Temple   | Entered the Ecumenical Temple
  3606 | Temple   | Became a worshipper of Kikubaaqudgha
  3946 | D:6      | Found Geduoras's Antique Armour Shop.
  3986 | D:6      | Noticed a boulder beetle
  4284 | D:6      | You fall into a shaft and drop 1 floor!
  4361 | D:7      | Found a hazy altar of Hepliaklqana.
  4413 | D:7      | Reached XP level 9. HP: 63/63 MP: 10/18
  4447 | D:7      | Found a sand-covered staircase.
  4512 | Ossuary  | Entered an ossuary
  4564 | Ossuary  | Reached * piety under Kikubaaqudgha
  4564 | Ossuary  | Received a gift from Kikubaaqudgha
  4712 | Ossuary  | Reached skill level 5 in Fire Magic
  4790 | Ossuary  | Reached skill level 1 in Polearms
  5108 | D:7      | Found Ceol's General Store.
  5126 | D:7      | Reached skill level 1 in Necromancy
  5219 | D:7      | Found a sparkling altar of Nemelex Xobeh.
  5331 | D:7      | Found Dasae's Book Shop.
  5340 | D:7      | Learned a level 3 spell: Vampiric Draining
  5392 | D:7      | Found Soqukoss's Assorted Antiques.
  5394 | D:7      | Found Wicybb's Weapon Emporium.
  5411 | D:7      | Bought a fuming clear potion for 19 gold pieces
  5411 | D:7      | Bought a dark potion for 19 gold pieces
  5411 | D:7      | Bought 3 scrolls labelled ZUIFIO NIQEU for 66 gold pieces
  5411 | D:7      | Bought a scroll labelled DIACZUIRRYAPN for 22 gold pieces
  5463 | D:7      | Found Utuec's Weapon Shop.
  5803 | D:8      | Found a white marble altar of Elyvilon.
  5881 | D:8      | Found a flagged portal.
  6212 | Bailey   | Entered a bailey
  6239 | Bailey   | Noticed an orc knight
  6268 | Bailey   | Killed an orc knight
  6269 | Bailey   | Reached skill level 5 in Fighting
  6269 | Bailey   | Reached skill level 5 in Armour
  6269 | Bailey   | Reached XP level 10. HP: 58/74 MP: 12/20
  6270 | Bailey   | Noticed an orc knight
  6277 | Bailey   | Reached ** piety under Kikubaaqudgha
  6305 | Bailey   | Noticed an orc knight
  6520 | Bailey   | Killed an orc knight
  6521 | Bailey   | Reached skill level 5 in Necromancy
  6913 | Bailey   | Killed an orc knight
  7320 | D:8      | Noticed a two-headed ogre
  7349 | D:8      | Killed a two-headed ogre
  7405 | D:8      | Found a glowing silver altar of Zin.
  7890 | D:7      | Bought 2 scrolls of identify for 88 gold pieces
  7907 | D:6      | Noticed Blork the orc
  8238 | D:6      | Killed Blork the orc
  8531 | D:6      | Reached XP level 11. HP: 58/62 MP: 14/21
  8572 | D:6      | Found an opulent altar of Gozag.
  8863 | D:9      | Reached *** piety under Kikubaaqudgha
  8863 | D:9      | Received a gift from Kikubaaqudgha
  9350 | D:9      | Found a bloodstained altar of Trog.
  9365 | D:9      | Found a sacrificial altar of Ru.
  9517 | D:9      | Found a staircase to the Orcish Mines.
  9538 | D:9      | Identified the +4 dagger of Governance {freeze, Fragile rN+
                  | Int+2 Stlth+}
  9721 | D:9      | Found a radiant altar of Vehumet.
  9722 | D:9      | Found a shadowy altar of Dithmenos.
  9894 | D:9      | Found a shimmering blue altar of Sif Muna.
  9961 | D:9      | Found a staircase to the Lair.
 10028 | D:10     | Entered Level 10 of the Dungeon
 10089 | D:10     | Found a broken altar of Ashenzari.
 10230 | D:10     | Reached skill level 5 in Dodging
 10311 | D:10     | Noticed a two-headed ogre
 10361 | D:10     | Killed a two-headed ogre
 10401 | D:10     | Reached **** piety under Kikubaaqudgha
 10425 | D:10     | Reached XP level 12. HP: 92/92 MP: 9/22
 10557 | D:10     | Found an ornate altar of the Wu Jian Council.
 10874 | Orc:1    | Entered Level 1 of the Orcish Mines
 11618 | Orc:2    | Entered Level 2 of the Orcish Mines
 11683 | Orc:2    | Noticed Erolcha
 11735 | D:9      | Learned a level 4 spell: Dispel Undead
 12094 | D:11     | Noticed a two-headed ogre
 12115 | D:11     | Killed a two-headed ogre
 12554 | D:12     | You fall into a shaft and drop 3 floors!
 12554 | D:15     | Entered Level 15 of the Dungeon
 12554 | D:15     | Noticed a tengu warrior
 12554 | D:15     | Noticed a deep troll
 12555 | D:15     | Noticed an ettin
 12556 | D:15     | Noticed a deep troll
 12571 | D:15     | Slain by a deep troll

Illustrated notes

Levels and vault maps discovered:
D:1:      onia_arrival_pyramid, layout_loops_cross, palyth_stone_intersect
D:2:      layout_rooms, serial_shops, nicolae_shop_window_shopping
D:3:      layout_rooms, lemuel_zombie_altar_yredelemnul,
          shapermc_ecumenical_altar_starsandcircs, grunt_ministairs_3
D:4:      layout_rooms
D:5:      layout_basic, temple_hall_moat, cheibrodos_gnoll_hut
D:6:      layout_loops_ring, lemuel_coloured_pillars_altar, serial_shops,
          kennysheep_little_box, minmay_fractal_squares_gapless_5,
          uniq_blork_the_orc
D:7:      layout_cave_pods, overflow_temple_1_default,
          mainiacjoe_overflow_paths, serial_shops, nicolae_shop_waterfront,
          nicolae_take_the_stairs, shop, shop, shop, enter_ossuary_4,
          minmay_crystal_water
D:8:      layout_gridville, elyvilon_altar_5, kennysheep_mini_moat,
          enter_bailey_7
D:9:      layout_cross, lemuel_crystal_altar, gammafunk_temple_overflow_statue,
          nicolae_ru_the_path_less_chosen, mainiacjoe_overflow_alcove_2,
          david_lair_shrubbed, orc_0_dummy
D:10:     layout_cave_pools, evilmike_ruin_ashenzari,
          mainiacjoe_overflow_cross_hatched
D:11:     layout_stronghold
D:12:     nooodl_glass_maze, layout_basic, uniq_azrael
D:15:     hangedman_depths_entry_civil_slaughter, layout_stronghold,
          chequers_serial_rivers_room_a, minmay_tree_intersection,
          minmay_misc_feat_plants, drop_trap, uniq_nessos
Temple:   nicolae_temple_figure_zero
Orc:1:    layout_caves, basic_altar, nicolae_orc_bridge_out
Orc:2:    grunt_orc_tribal_feast, layout_diamond_mine, mines2_lemuel,
          uniq_erolcha

Skill      XL: |  1  2  3  4  5  6  7  8  9 10 11 12 |
---------------+-------------------------------------+-----
Dodging        | 2 5 6 |  6.8
Fighting       | 1 2 3 5 7 9 |  9.3
Armour         | 1 2 3 5 7 9 |  9.4
Conjurations   | 4 5 6 |  6.0
Spellcasting   | 3 4 5 6 7 |  7.0
Fire Magic     | 2 4 6 |  6.0
Polearms       | 2 |  2.0
Necromancy     | 3 9 |  9.0
Stealth        | |  2.4

Action                   |  1- 3 |  4- 6 |  7- 9 | 10-12 || total
-------------------------+-------+-------+-------+-------++-------
Melee: Unarmed           |     6 |       |       |       ||     6
       Dagger            |    20 |     7 |    41 |       ||    68
       Punch             |       |       |     1 |     4 ||     5
       Spear             |       |       |   136 |   495 ||   631
       Staff             |       |       |     3 |    23 ||    26
 Fire: Hunting sling     |     9 |    69 |   130 |     7 ||   215
 Cast: Magic Dart        |    23 |    12 |     2 |    16 ||    53
       Searing Ray       |     6 |     8 |    30 |    22 ||    66
       Conjure Flame     |       |       |    46 |    68 ||   114
       Vampiric Draining |       |       |       |    39 ||    39
       Dispel Undead     |       |       |       |     3 ||     3
 Abil: Shaft Self        |       |       |     1 |       ||     1
       Dig               |       |       |     2 |    14 ||    16
Evoke: Wand              |       |       |     3 |    23 ||    26
  Use: Scroll            |       |     2 |     2 |     6 ||    10
       Potion            |       |       |     1 |     3 ||     4
 Stab: Sleeping          |     3 |       |     1 |     1 ||     5
       Paralysed         |       |       |     5 |     7 ||    12
Armor: Robe              |     3 |     2 |    15 |    69 ||    89
Dodge: Dodged            |    19 |    17 |    80 |   173 ||   289
